Map: Automaton LE

Players

HeroMarine - Winner!

  • Race: Terran Terran
  • Spawn Location: 3:00

Marinelord

  • Race: Terran Terran
  • Spawn Location: 9:00

Event: 2019 WCS Spring

VOD

Have the link to the VOD?

Description

Time

  • Played on: May 17, 2019, 2:45 p.m.
  • Length: 17:36

All games in this series

Show
View Real Time Build Order
Export as new Build Order

HeroMarine Terran - Winner!

Build Orders:  

Get SALT Encoding   

  12  0:00  SCV  
  13  0:12  SCV  
  14  0:18  Supply Depot  
  14  0:24  SCV  
  15  0:29  Refinery  
  15  0:39  SCV  
  16  0:45  Barracks  
  16  0:51  SCV  
  16  0:56  Refinery  
  17  1:03  SCV  
  18  1:16  SCV  
  19  1:33  Factory  
  19  1:34  Reaper  
  19  1:39  Orbital Command  
  20  1:53  Supply Depot  
  20  2:05  SCV  
  20  2:06  Reaper  
  22  2:17  SCV  
  22  2:19  Hellion  
  25  2:29  SCV  
  26  2:32  Command Center  
  26  2:41  SCV  
  26  2:44  Reaper  
  26  2:45  Hellion  
  28  2:53  SCV  
  28  2:55  Starport  
  29  3:00  Supply Depot  
  29  3:05  SCV  
  30  3:14  Factory Tech Lab  
  30  3:17  SCV  
  30  3:18  Barracks Tech Lab  
  31  3:30  SCV  
  31  3:32  Cyclone  
  35  3:37  Refinery  
  35  3:42  SCV  
  35  3:45  Orbital Command  
  36  3:54  SCV  
  37  3:57  Raven  
  39  4:06  SCV  
  40  4:11  SCV  
  40  4:13  Cyclone  
  44  4:18  SCV  
  44  4:21  Barracks Reactor  
  44  4:23  SCV, Supply Depot  
  46  4:30  SCV  
  47  4:34  Command Center  
  47  4:36  SCV  
  48  4:42  SCV  
  48  4:43  Raven  
  51  4:48  SCV  
  48  4:54  SCV  
  46  5:00  SCV  
  46  5:03  Siege Tank  
  46  5:05  Marine  
  46  5:06  SCV, Marine  
  51  5:12  SCV  
  52  5:18  SCV  
  52  5:19  Engineering Bay  
  52  5:21  Engineering Bay  
  53  5:24  SCV  
  53  5:25  Refinery  
  54  5:31  SCV  
  55  5:36  SCV, Siege Tank  
  55  5:37  Viking  
  55  5:42  Supply Depot  
  61  5:43  SCV  
  61  5:45  Marine  
  61  5:46  Viking  
  61  5:48  SCV, Orbital Command  
  66  5:51  Terran Infantry Weapons Level 1  
  66  5:55  SCV  
  67  6:00  SCV  
  67  6:01  Terran Infantry Armor Level 1  
  68  6:07  Viking  
  68  6:10  SCV  
  71  6:13  SCV  
  71  6:16  Viking, Supply Depot  
  74  6:22  SCV, Marine  
  74  6:23  Stimpack  
  74  6:25  SCV  
  75  6:31  Orbital Command  
  75  6:34  SCV  
  75  6:36  Barracks x2  
  75  6:37  SCV  
  77  6:40  Siege Tank, Marine  
  77  6:42  Viking  
  77  6:46  Viking  
  85  6:47  SCV  
  85  6:49  SCV  
  87  6:57  Marine  
  87  6:58  Barracks  
  87  6:59  SCV  
  87  7:00  Barracks  
  91  7:01  SCV, Supply Depot  
  91  7:04  Supply Depot  
  90  7:08  SCV  
  90  7:11  SCV  
  90  7:13  SCV  
  90  7:15  Marine  
  92  7:22  Supply Depot  
  93  7:23  SCV x2, Siege Tank  
  93  7:25  SCV, Barracks Reactor x2  
  93  7:29  Viking x2  
  102  7:35  SCV x2  
  104  7:41  Marine  
  102  7:46  Refinery  
  102  7:47  Refinery  
  102  7:48  SCV x2  
  102  7:49  Supply Depot  
  102  7:50  Armory  
  104  7:51  Barracks Reactor x2  
  104  7:52  SCV  
  104  7:55  Siege Tank  
  108  7:59  Marine  
  108  8:00  SCV  
  108  8:02  SCV  
  108  8:03  Supply Depot  
  108  8:04  SCV  
  112  8:07  Marine x4  
  116  8:12  SCV  
  116  8:14  SCV  
  116  8:17  Marine  
  116  8:19  SCV  
  112  8:24  Combat Shield, Marine  
  112  8:25  SCV, Marine x2  
  112  8:26  SCV, Medivac x2  
  121  8:28  Marine x2  
  121  8:30  Marine x2  
  121  8:36  Siege Tank  
  121  8:40  Marine x2  
  122  8:42  Marine x2  
  122  8:43  Marine  
  122  8:47  Marine x2  
  127  8:56  Medivac x2  
  127  8:57  Marine x3  
  127  8:58  Marine  
  127  9:00  Marine x3  
  117  9:05  Marine x2  
  110  9:14  Marine x2  
  110  9:15  Marine  
  110  9:16  Siege Tank  
  117  9:17  Factory  
  117  9:18  Marine  
  117  9:20  Command Center, Marine x2  
  117  9:23  Marine  
  122  9:24  Terran Infantry Weapons Level 2  
  122  9:26  Medivac x2  
  122  9:27  Terran Infantry Armor Level 2, Marine  
  122  9:29  Marine  
  126  9:32  Marine x2  
  126  9:34  Marine  
  126  9:36  Marine  
  126  9:37  Sensor Tower  
  130  9:42  Supply Depot, Terran Vehicle Weapons Level 1  
  130  9:43  Supply Depot  
  130  9:47  Marine x3  
  130  9:50  Marine  
  130  9:51  Marine x2  
  128  9:53  Siege Tank  
  128  9:54  Marine x2  
  133  10:03  SCV x2, Barracks Reactor  
  133  10:04  SCV, Marine  
  133  10:05  Marine x2  
  136  10:08  Marine x2  
  136  10:09  Marine  
  136  10:12  Missile Turret, Marine x2  
  141  10:22  Marine x2  
  141  10:23  Marine  
  141  10:25  Supply Depot  
  141  10:26  Supply Depot, Marine x3  
  141  10:27  Barracks  
  147  10:28  Barracks  
  147  10:31  Siege Tank x2  
  147  10:32  Supply Depot  
  153  10:40  Marine x3  
  153  10:41  Marine  
  153  10:42  Marine x2  
  148  10:43  Marine  
  148  10:44  Marine x2  
  148  10:50  Viking x2  
  148  10:54  Planetary Fortress  
  149  11:04  Siege Tank x2  
  155  11:05  Missile Turret  
  155  11:06  Marine x2  
  157  11:12  Marine x5  
  157  11:14  Marine x3  
  157  11:16  Barracks Reactor x2  
  165  11:22  Starport  
  165  11:24  Marine x2  
  166  11:27  Viking x2  
  166  11:29  Marine  
  166  11:31  Refinery  
  171  11:34  Refinery  
  171  11:38  SCV x2  
  173  11:43  Marine x2  
  173  11:44  Marine x3  
  173  11:45  Marine x2  
  145  11:47  Marine  
  145  11:48  Siege Tank x2  
  145  11:50  Marine x2  
  141  11:54  Marine  
  141  11:55  Marine  
  141  11:57  Viking  
  141  11:58  Viking  
  141  11:59  Starport Reactor  
  141  12:00  Marine x2  
  141  12:01  Marine x2  
  149  12:02  Marine  
  149  12:04  Terran Infantry Weapons Level 3  
  149  12:05  Marine x2  
  149  12:08  Marine x3  
  153  12:14  Terran Infantry Armor Level 3  
  156  12:19  Terran Vehicle Weapons Level 2  
  156  12:20  Siege Tank  
  156  12:21  Marine  
  156  12:22  Liberator x2  
  160  12:24  Marine x4  
  160  12:25  Marine x2  
  160  12:26  Marine  
  166  12:32  Marine x2  
  166  12:37  Marine  
  168  12:39  Viking  
  168  12:40  Sensor Tower  
  168  12:41  Viking  
  168  12:43  Marine  
  168  12:44  Supply Depot x2  
  180  12:51  Marine  
  180  12:52  Marine  
  182  12:59  Marine x2  
  182  13:02  Command Center  
  183  13:07  Siege Tank x2  
  196  13:16  Viking  
  200  13:22  Viking  
  184  13:37  Marine x3  
  184  13:38  Marine x2  
  184  13:39  Marine x6  
  184  13:40  Marine x2  
  168  13:41  Siege Tank x2  
  168  13:42  Marine  
  175  13:49  Command Center  
  175  13:53  Starport  
  175  13:55  Marine x3  
  171  13:56  Marine x2  
  171  13:57  Marine x7  
  171  13:58  Marine  
  171  13:59  Marine  
  147  14:10  Viking x2  
  147  14:11  Viking  
  147  14:12  Viking  
  147  14:13  Marine x2  
  147  14:15  Marine x2  
  159  14:20  Marine x2  
  159  14:22  Marine x2  
  159  14:24  Marine x2  
  164  14:26  Marine x2  
  164  14:31  Marine x2  
  160  14:40  Viking x2  
  160  14:41  Viking, Marine x3  
  160  14:45  SCV x3  
  169  14:46  SCV, Marine  
  169  14:48  Marine x2  
  173  14:57  Marine x2  
  173  14:59  Marine x3  
  172  15:00  Marine  
  172  15:01  Marine x3  
  172  15:04  Siege Tank  
  172  15:05  Marine x2  
  172  15:06  Marine  
  172  15:07  Marine  
  173  15:12  Marine  
  175  15:15  Marine  
  175  15:17  Marine x3  
  175  15:18  Marine x2  
  175  15:19  Marine  
  177  15:26  Siege Tank  
  177  15:27  Marine  
  177  15:28  Marine x2  
  172  15:29  Marine x2  
  172  15:30  Marine  
  172  15:33  Planetary Fortress  
  175  15:37  Siege Tank  
  175  15:38  Orbital Command  
  175  15:40  Starport Tech Lab  
  176  15:43  Viking  
  176  15:46  Viking  
  171  15:51  Viking  
  171  15:53  Viking  
  171  15:54  Marine  
  171  15:56  Marine  
  175  16:00  Marine x3  
  175  16:02  Marine x3  
  175  16:04  Marine x2  
  182  16:09  Marine  
  182  16:10  Marine  
  187  16:13  Raven  
  187  16:14  Viking  
  187  16:15  Marine x2  
  187  16:18  Marine x3  
  190  16:19  Marine x2  
  190  16:24  Viking  
  180  16:26  Viking  
  180  16:30  Viking  
  164  16:41  Marine  
  164  16:44  Viking  
  164  16:45  Marine  
  161  16:47  Marine x2  
  161  16:49  Marine x2  
  161  16:50  Starport x2  
  161  16:54  Viking, Marine  
  166  16:55  Marine  
  166  16:56  Medivac  
  166  16:57  Marine  
  166  16:58  Marine  
  173  17:02  Marine x2  
  173  17:06  Marine x2  
  177  17:08  Missile Turret  
  177  17:09  Marine x2  
  179  17:18  Marine x4  
  184  17:24  Command Center  
Show
View Real Time Build Order
Export as new Build Order

Marinelord Terran 

Build Orders: Gas First Reaper Expand, Liberator Opening 

Get SALT Encoding   

  12  0:00  SCV  
  13  0:12  SCV  
  14  0:18  Supply Depot  
  14  0:24  SCV  
  15  0:29  Refinery  
  15  0:39  SCV  
  16  0:46  Barracks  
  16  0:51  SCV  
  17  1:04  SCV  
  18  1:16  SCV  
  19  1:33  Reaper, Orbital Command  
  20  1:47  Command Center  
  20  1:58  SCV  
  21  2:03  Factory  
  21  2:10  SCV, Barracks Reactor  
  22  2:15  Supply Depot  
  22  2:21  Refinery  
  22  2:22  SCV  
  23  2:37  SCV  
  24  2:49  SCV  
  25  2:54  Starport  
  25  2:55  Hellion x2  
  29  2:59  Orbital Command  
  29  3:03  SCV  
  29  3:15  SCV  
  29  3:16  Liberator  
  29  3:18  Hellion  
  34  3:20  Hellion  
  34  3:25  SCV  
  35  3:27  SCV  
  39  3:39  Supply Depot  
  39  3:40  Hellion  
  41  3:44  Hellion  
  41  3:46  SCV  
  41  3:47  SCV  
  45  3:54  Supply Depot  
  45  3:58  SCV  
  45  4:01  SCV  
  45  4:02  Supply Depot  
  47  4:10  SCV  
  47  4:14  Supply Depot, Marine x2, Factory Tech Lab  
  47  4:16  Starport Tech Lab  
  50  4:18  SCV  
  50  4:22  SCV  
  52  4:26  Supply Depot, Refinery  
  52  4:30  SCV  
  53  4:34  Raven  
  53  4:35  SCV  
  53  4:37  Siege Tank  
  59  4:43  SCV  
  60  4:46  Marine x2  
  60  4:47  SCV  
  60  4:55  SCV  
  60  4:59  SCV  
  53  5:04  Marine x2  
  52  5:07  SCV  
  52  5:09  Command Center, Siege Tank  
  55  5:15  SCV  
  55  5:17  Raven  
  55  5:18  Refinery  
  55  5:19  SCV  
  59  5:21  Supply Depot  
  59  5:26  Marine x2  
  59  5:28  SCV  
  62  5:31  SCV  
  63  5:40  SCV  
  63  5:41  Siege Tank  
  67  5:43  SCV  
  70  5:51  Engineering Bay  
  70  5:52  SCV  
  70  5:54  Engineering Bay  
  70  5:55  SCV  
  70  5:56  Supply Depot  
  71  6:04  SCV  
  71  6:06  Marine  
  71  6:07  SCV, Stimpack  
  71  6:08  Viking x2  
  77  6:13  Siege Tank  
  77  6:16  SCV  
  81  6:19  SCV  
  81  6:22  Barracks  
  81  6:24  Orbital Command, Barracks  
  82  6:26  Marine  
  82  6:28  SCV  
  84  6:36  SCV  
  84  6:38  Viking x2  
  88  6:40  SCV  
  88  6:45  Terran Infantry Weapons Level 1, Terran Infantry Armor Level 1  
  89  6:48  SCV  
  89  6:52  SCV  
  94  6:54  Siege Tank  
  94  6:55  Orbital Command, Marine  
  94  7:00  SCV  
  96  7:02  Supply Depot x2  
  96  7:08  SCV  
  97  7:09  Viking  
  97  7:10  Viking  
  97  7:12  SCV  
  102  7:18  Marine  
  102  7:20  SCV  
  103  7:24  SCV  
  103  7:26  Siege Tank  
  103  7:28  SCV  
  105  7:32  SCV  
  105  7:38  SCV  
  105  7:39  Viking  
  105  7:40  Viking  
  105  7:41  SCV  
  109  7:45  Barracks Reactor  
  109  7:46  Barracks Reactor  
  109  7:49  SCV  
  109  7:50  Refinery  
  109  7:51  Barracks x2  
  109  7:52  Refinery  
  109  7:57  Sensor Tower  
  109  8:00  SCV  
  110  8:08  Armory  
  110  8:09  Marine  
  109  8:18  SCV  
  109  8:19  Viking  
  109  8:20  SCV  
  109  8:22  SCV, Liberator  
  109  8:27  Marine  
  102  8:30  SCV, Siege Tank  
  104  8:36  SCV  
  104  8:38  Marine x4  
  104  8:40  SCV  
  111  8:43  SCV  
  111  8:44  Marine  
  112  8:48  SCV  
  112  8:52  SCV  
  111  8:55  Marine  
  111  8:56  SCV, Marine x2  
  111  8:59  Marine  
  111  9:00  SCV  
  111  9:02  Siege Tank  
  99  9:08  Refinery  
  96  9:10  SCV  
  96  9:11  Barracks Reactor x2  
  96  9:12  Combat Shield  
  96  9:13  Marine x3  
  96  9:14  Terran Infantry Weapons Level 2  
  96  9:16  Command Center, Terran Vehicle Weapons Level 1  
  98  9:21  SCV  
  98  9:22  SCV  
  100  9:26  Marine x2  
  100  9:29  SCV  
  102  9:33  SCV  
  102  9:34  SCV, Sensor Tower  
  102  9:35  Terran Infantry Armor Level 2  
  104  9:41  SCV, Marine  
  104  9:42  Marine x2  
  104  9:44  Marine x2  
  110  9:46  SCV  
  110  9:47  Marine  
  110  9:49  Supply Depot  
  110  9:50  Marine  
  110  9:52  Marine  
  109  9:54  Siege Tank  
  109  9:55  Marine  
  109  9:56  Factory  
  109  9:58  Medivac  
  109  9:59  Marine x2  
  117  10:10  SCV x3, Marine x2  
  117  10:11  Marine x3, Refinery  
  117  10:13  Supply Depot  
  125  10:14  Supply Depot  
  125  10:15  Supply Depot, Refinery  
  125  10:25  Missile Turret  
  125  10:26  Missile Turret  
  125  10:27  Viking, SCV x2, Siege Tank, Marine x4  
  136  10:33  Sensor Tower, Marine x4  
  140  10:38  Marine  
  130  10:44  Viking  
  130  10:45  Marine x4  
  136  10:50  Marine x2  
  136  10:51  Marine x2  
  136  10:55  Factory Tech Lab  
  136  10:56  Marine  
  139  10:57  Viking  
  139  11:01  SCV  
  139  11:02  SCV x2, Marine x4  
  148  11:04  Planetary Fortress  
  148  11:08  Marine x2  
  150  11:12  Missile Turret  
  150  11:14  SCV x2, Viking  
  150  11:15  SCV  
  154  11:19  Terran Vehicle Weapons Level 2  
  153  11:26  SCV  
  153  11:30  Command Center  
  154  11:33  Supply Depot x2  
  154  11:35  Supply Depot  
  154  11:39  Marine  
  155  11:44  Marine x2  
  155  11:46  Marine x2  
  140  11:49  Siege Tank  
  140  11:52  Marine x3, Refinery  
  140  11:53  Viking, Supply Depot  
  140  11:54  Viking  
  147  11:57  Marine x2  
  149  12:02  Marine  
  149  12:05  Supply Depot  
  150  12:10  Marine  
  150  12:11  Starport x2  
  150  12:13  Marine  
  152  12:20  Marine x2  
  154  12:23  Medivac  
  154  12:24  Medivac  
  154  12:25  Marine x3  
  154  12:26  Marine  
  154  12:27  Siege Tank x2  
  165  12:31  SCV x3  
  165  12:35  Terran Infantry Armor Level 3, Terran Infantry Weapons Level 3  
  168  12:38  Marine x2  
  168  12:41  Marine x3  
  173  12:51  Marine x2  
  173  12:52  Starport Reactor, Starport Tech Lab  
  173  12:54  Marine x2  
  173  12:56  Marine x2  
  179  12:58  Marine  
  179  12:59  Refinery, Marine x2  
  179  13:01  Refinery  
  179  13:04  Siege Tank  
  182  13:07  Viking x2  
  182  13:09  Marine x2  
  182  13:12  Marine x2  
  189  13:14  Marine x2  
  189  13:16  Marine x3  
  194  13:21  Planetary Fortress  
  194  13:27  Marine x2  
  194  13:28  Sensor Tower  
  194  13:30  Marine x2  
  190  13:38  Marine  
  190  13:39  Marine x2  
  190  13:41  Marine x2  
  149  13:43  Siege Tank x2  
  149  13:44  Marine x2  
  149  13:45  Viking x2  
  149  13:47  Raven  
  149  13:48  Marine x2  
  164  13:56  Marine  
  164  13:57  Marine x2  
  164  13:58  Marine  
  164  13:59  Marine  
  164  14:02  Marine x2  
  143  14:05  Marine x2  
  143  14:07  Viking  
  143  14:08  Viking  
  145  14:14  Marine  
  145  14:15  Viking x2, Siege Tank, Marine x2  
  145  14:16  Marine x2  
  156  14:20  Marine  
  156  14:22  Marine  
  156  14:23  Marine  
  159  14:24  Marine  
  159  14:26  Missile Turret  
  159  14:29  Terran Vehicle And Ship Armor Level 1  
  156  14:32  Armory, Liberator x2, Marine  
  156  14:33  Marine  
  156  14:37  Marine x2  
  157  14:40  Viking x2  
  157  14:44  Marine x2  
  155  14:51  Raven  
  161  14:57  SCV x2  
  161  14:59  Marine x4  
  164  15:00  Marine x2  
  164  15:05  SCV  
  166  15:14  SCV x2  
  166  15:16  Marine  
  166  15:17  Marine x4  
  166  15:18  Marine x2  
  173  15:24  Marine x2  
  166  15:33  Viking  
  166  15:34  Viking, Raven  
  169  15:37  Marine x2  
  169  15:39  Marine  
  169  15:40  Marine  
  168  15:53  Siege Tank  
  168  15:54  Siege Tank  
  171  15:59  Command Center  
  171  16:09  Orbital Command  
  171  16:12  Liberator x4  
  171  16:13  Refinery  
  170  16:24  Marine x2  
  148  16:27  Marine x2  
  148  16:30  Marine  
  148  16:32  Marine x2  
  147  16:42  Marine x4  
  147  16:44  Marine  
  147  16:47  Marine  
  142  16:48  Marine  
  142  16:51  Marine x2  
  146  16:59  Sensor Tower  
  146  17:00  Marine x2  
  148  17:02  Orbital Command  
  148  17:12  Marine x2  
Tags
 
Add a new tag
Caveats
  • Supply blocks, unpowered buildings, or Contaminate may cause inaccurate times.
  • Supply counts are checked every 10 seconds.